 Dungeon Crawl Stone Soup version 0.29.1-12-g30fa7ad0bf (webtiles) character file.

Game seed: 9680040012528680984

530 GigaChad the Chopper (level 7, -7/61 HPs)
             Began as a Minotaur Fighter on Jan 11, 2023.
             Was an Initiate of Ashenzari.
             Killed from afar by Dowan (11 damage)
             ... with a stone arrow
             ... on level 4 of the Dungeon on Jan 12, 2023.
             The game lasted 00:06:44 (4533 turns).

GigaChad the Chopper (Minotaur Fighter)             Turns: 4533, Time: 00:06:44

Health: -7/61      AC: 10    Str: 23    XL:     7   Next: 3%
Magic:  6/6        EV:  7    Int:  5    God:    Ashenzari [......]
Gold:   289        SH:  4    Dex:  9    Spells: 6/6 levels left

rFire   . . .      SeeInvis +   a - +0 war axe
rCold   . . .      Faith    .   c - +0 buckler
rNeg    . . .      Spirit   .   u - +0 chain mail
rPois   .          Reflect  .   (helmet restricted)
rElec   .          Harm     .   (no cloak)
rCorr   .          Rampage  .   (no gloves)
Will    .....                   (no boots)
Stlth   ..........              (no amulet)
HPRegen 0.20/turn               j - ring of see invisible
MPRegen 0.10/turn               (no ring)

@: no status effects
A: horns 2, retaliatory headbutt
a: Renounce Religion


You were on level 4 of the Dungeon.
You worshipped Ashenzari.
Ashenzari was noncommittal.
You visited 2 branches of the dungeon, and saw 5 of its levels.

You collected 289 gold pieces.

Inventory:

Hand Weapons
 a - a +0 war axe (weapon)
 m - a +0 vorpal spear
Armour
 b - a +0 scale mail
 c - a +0 buckler (worn)
 u - a +0 chain mail (worn)
Jewellery
 j - a ring of see invisible (left hand)
Wands
 s - a wand of quicksilver (5)
 w - a wand of flame (17)
Scrolls
 e - 4 scrolls of identify
 h - 5 scrolls of teleportation
 i - 2 scrolls of noise {unknown}
 k - 2 scrolls of butterflies
 l - 2 scrolls of amnesia {unknown}
 o - 2 scrolls of vulnerability {unknown}
 r - a scroll of poison {unknown}
Potions
 d - a potion of might
 f - 3 potions of curing
 g - 2 potions of haste {unknown}
 n - a potion of ambrosia {unknown}
 p - a potion of attraction {unknown}
 q - 3 potions of heal wounds {unknown}
 t - 2 potions of flight {unknown}
 v - a potion of cancellation {unknown}
 x - a potion of mutation {unknown}
 z - a potion of resistance {unknown}


   Skills:
 * Level 5.4 Fighting
 + Level 6.0 Axes
 * Level 5.6 Armour
 - Level 0.3 Dodging
 * Level 5.0 Shields


You had 6 spell levels left.
You didn't know any spells.
Your spell library contained the following spells:

 Spells                   Type           Power      Damage    Failure   Level
 Sting                    Tmut/Pois      0%         1d3       99%         1
 Summon Small Mammal      Summ           0%         N/A       99%         1
 Blink                    Tloc           0%         N/A       100%        2
 Poisonous Vapours        Pois/Air       0%         N/A       100%        2
 Call Canine Familiar     Summ           0%         N/A       100%        3
 Lesser Beckoning         Tloc           0%         N/A       100%        3
 Summon Guardian Golem    Hex/Summ       0%         N/A       100%        3
 Animate Armour           Summ/Erth      0%         N/A       100%        4
 Olgreb's Toxic Radiance  Pois           0%         N/A       100%        4
 Blade Hands              Tmut           0%         N/A       100%        5
 Manifold Assault         Tloc           0%         N/A       100%        5
 Iron Shot                Conj/Erth      0%         9d1       100%        6


Dungeon Overview and Level Annotations

Branches:
Dungeon (4/15)             Temple (1/1) D:4

Altars:
Ashenzari
Cheibriados
Nemelex Xobeh
Qazlal
Ru
Sif Muna
Vehumet
Wu Jian
Yredelemnul

Shops:
D:3 [

Annotations:
D:4 Dowan


Innate Abilities, Weirdness & Mutations

You have a pair of horns on your head.
You reflexively headbutt those who attack you in melee.


Message History

Dowan casts a spell at you. The puff of frost hits you!
Duvessa hits you with a +0 short sword.
You closely miss Dowan.
Dowan is heavily wounded.
You barely miss Duvessa. Duvessa hits you with a +0 short sword.
* * * LOW HITPOINT WARNING * * *
Dowan hits you but does no damage. Duvessa hits you with a +0 short sword.
* * * LOW HITPOINT WARNING * * *
You hit Dowan. Your headbutt misses Dowan.
Dowan is severely wounded.
You barely miss Duvessa. Duvessa hits you with a +0 short sword.
* * * LOW HITPOINT WARNING * * *
Dowan casts a spell.
Dowan blinks!
Duvessa hits you with a +0 short sword.
* * * LOW HITPOINT WARNING * * *
Dowan casts a spell at you. You block the puff of flame.
You hit Duvessa.
You kill Duvessa!
Dowan seems overcome with grief.
Dowan seems to find hidden reserves of power!
Your Axes skill increases to level 6!
Your Shields skill increases to level 5!
You have reached level 7!
You miss Dowan.
Dowan is severely wounded.
You block Dowan's attack.
You hit Dowan. Your headbutt misses Dowan.
Dowan is severely wounded.
Dowan hits you but does no damage.
Dowan casts a spell.
Dowan blinks!
Dowan barely misses you. You furiously retaliate!
You headbutt Dowan, but do no damage. Dowan hits you with a +0 dagger.
* * * LOW HITPOINT WARNING * * *
You closely miss Dowan.
Dowan is severely wounded.
Dowan gestures at you while chanting. The stone arrow hits you!
You die...

....[...........>#
############.###.#
#.###.#
############.##..### ##
#............##..... ..
#................###.###
...............#.......#
.............#.#..##
............)#.#@.#
..............<#e)#
#..............#..#
#............###..#
#.................######
######.########.........
######.# #....#######
...##..# #.#.......#
...#..## #.#..#.####


You could see Dowan (fast).

Vanquished Creatures
  Duvessa (D:4)
  A black bear (D:4)
  A howler monkey (D:4)
  2 jellies (D:2)
  An orc wizard (D:4)
  6 gnolls
  4 adders
  2 worms (D:2)
  A dart slug (D:1)
  8 orcs
  15 endoplasms
  7 giant cockroaches
  10 goblins
  7 hobgoblins
  4 jackals (D:2)
  4 quokkas
  11 ball pythons
  2 bats (D:1)
  3 frilled lizards
  11 kobolds
  4 rats
105 creatures vanquished.

Vanquished Creatures (others)
  5 fungi (D:2)
  2 plants (D:4)
  7 toadstools (D:2)
14 creatures vanquished.

Grand Total: 119 creatures vanquished

Notes
Turn   | Place    | Note
-------+----------+-------------------------------------------
     0 | D:1      | GigaChad the Minotaur Fighter began the quest for the Orb.
     0 | D:1      | Reached XP level 1. HP: 19/19 MP: 0/0
   254 | D:1      | Reached XP level 2. HP: 20/27 MP: 1/1
   420 | D:1      | Found a faded altar of an unknown god.
  1126 | D:2      | Found a snail-covered altar of Cheibriados.
  1163 | D:2      | Reached XP level 3. HP: 24/33 MP: 2/2
  1165 | D:2      | Reached skill level 3 in Axes
  1497 | D:2      | Reached XP level 4. HP: 40/40 MP: 3/3
  1581 | D:2      | Reached skill level 4 in Axes
  2125 | D:2      | Reached XP level 5. HP: 30/47 MP: 4/4
  2657 | D:3      | Found a stormy altar of Qazlal.
  2677 | D:3      | Found Jeawuk's Antique Armour Boutique.
  3228 | D:4      | Noticed a black bear
  3237 | D:4      | Killed a black bear
  3238 | D:4      | Reached skill level 5 in Fighting
  3238 | D:4      | Reached skill level 5 in Axes
  3238 | D:4      | Reached skill level 5 in Armour
  3238 | D:4      | Reached XP level 6. HP: 16/56 MP: 5/5
  4077 | D:4      | Found a staircase to the Ecumenical Temple.
  4099 | Temple   | Entered the Ecumenical Temple
  4105 | Temple   | Became a worshipper of Ashenzari the Shackled
  4509 | D:4      | Noticed Duvessa
  4514 | D:4      | Noticed Dowan
  4527 | D:4      | Killed Duvessa
  4528 | D:4      | Reached skill level 6 in Axes
  4528 | D:4      | Reached skill level 5 in Shields
  4528 | D:4      | Reached XP level 7. HP: 4/61 MP: 6/6
  4533 | D:4      | Killed from afar by Dowan

Illustrated notes

Levels and vault maps discovered:
D:1:      lightli_iron_boxes, layout_loops_corners, ebering_ecumenical_altar_box
D:2:      cheibrodos_fertilizer, layout_loops_corners, basic_altar,
          minmay_tall_x
D:3:      layout_loops_ring, mainiacjoe_overflow_boulevard, serial_shops,
          shop_fountains, gup_sewer_entry_spiral
D:4:      layout_basic, minmay_temple_entry_gardened_gates, minmay_between,
          uniq_duvessa
Temple:   eino_narrow_crystal_temple

Skill      XL: |  1  2  3  4  5  6 |
---------------+-------------------+-----
Shields        | 4 5 |  5.0
Fighting       | 4 5 |  5.4
Armour         | 4 5 |  5.6
Axes           | 3 4 5 6 |  6.0
Dodging        | |  0.3

Action                   |  1- 3 |  4- 6 |  7- 9 || total
-------------------------+-------+-------+-------++-------
Melee: War axe           |    75 |   176 |     3 ||   254
       Headbutt          |    13 |    22 |       ||    35
  Use: Scroll            |     4 |       |       ||     4
Armor: Scale mail        |    39 |    30 |       ||    69
       Chain mail        |       |    74 |     1 ||    75
Dodge: Dodged            |    30 |    59 |     1 ||    90
Block: Buckler           |    17 |    50 |     1 ||    68
